 Dungeon Crawl Stone Soup version 0.30.0-5-g1a98f26d00 (webtiles) character file.

Game seed: 6152678346494488825

23 booth the Chopper (level 2, -3/22 HPs)
             Began as a Demonspawn Gladiator on May 10, 2023.
             Slain by a gnoll
             ... wielding a +0 whip
              (6 damage)
             ... on level 2 of the Dungeon.
             The game lasted 00:06:41 (964 turns).

booth the Chopper (Demonspawn Gladiator)             Turns: 964, Time: 00:06:42

Health: -3/22      AC:  4    Str: 14    XL:     2   Next: 72%
Magic:  2/2        EV: 12    Int:  9    God:
Gold:   38         SH:  0    Dex: 16    Spells: 1/1 levels left

rFire   . . .        a - +0 war axe
rCold   . . .        (no shield)
rNeg    . . .        b - +0 leather armour
rPois   .            c - +0 helmet
rElec   .            (no cloak)
rCorr   .            (no gloves)
SInv    .            (no boots)
Will    .....        (no amulet)
Stlth   ++           (no ring)
HPRegen 0.23/turn    (no ring)
MPRegen 0.08/turn

%: no passive effects
@: no status effects
A: thin skeletal structure 1
a: no special abilities


You were on level 2 of the Dungeon.
You visited 1 branch of the dungeon, and saw 2 of its levels.

You collected 38 gold pieces.

Inventory:

Hand Weapons
 a - a +0 war axe (weapon)
Missiles
 d - 3 throwing nets (quivered)
 e - a javelin
 h - 9 poisoned darts
Armour
 b - a +0 leather armour (worn)
 c - a +0 helmet (worn)
Scrolls
 j - a scroll of noise {unknown}


   Skills:
 + Level 2.2 Fighting
 * Level 3.3 Axes
 + Level 1.8 Throwing
 + Level 2.8 Dodging
 + Level 0.1 Stealth


You had one spell level left.
You didn't know any spells.
Your spell library was empty.

Dungeon Overview and Level Annotations

Branches:
Dungeon (2/15)

Altars:


Innate Abilities, Weirdness & Mutations

You have a somewhat thin skeletal structure. (Dex +2, Stealth+)


Message History

Items here: )) ††.
You see here a bat corpse.
You see here a +0 whip.
Done exploring.
Okay, then.
It was a potion of heal wounds.
You feel much better.
As you read the scroll labelled FIYRRE ULOFUAR, it crumbles to dust.
Wisps of shadow whirl around you...
It was a scroll of summoning.
You swap places.
(D) Dungeon
Where to? (Enter - D:1 @ (x,y), ? - help)
You swap places.
You see here a +0 dagger.
There is a stone staircase leading down here.
You climb downwards.
Your summoned ally is left behind.
Found a scroll labelled JOCHAN XOSKE, 15 gold pieces and an ivory wand.
There is a stone staircase leading up here.
There are monsters nearby!
The gnoll shouts! x2; You hear a shout!
A gnoll comes into view. It is wielding a +0 spear.
An endoplasm comes into view.
The gnoll hits you with a +0 spear.
The endoplasm quivers.
You hit the gnoll.
The gnoll is moderately wounded.
You hit the gnoll.
The endoplasm jiggles.
The gnoll closely misses you. The gnoll hits you with a +0 spear!
You completely miss the gnoll.
The gnoll is moderately wounded.
You barely miss the gnoll. The gnoll barely misses you.
The gnoll closely misses you. The gnoll hits you with a +0 whip!
* * * LOW HITPOINT WARNING * * *
A worm comes into view.
The gnoll misses you.
You aren't carrying any potions.
As you read the scroll labelled ZOIHAEH PUMOEDD, it crumbles to dust.
It is a scroll of amnesia.
You feel forgetful for a moment. The gnoll hits you with a +0 whip.
You die...

###.. #.. ..
###....##.# .#
#.........##.#
?............#
.............### .
..........Jg.... ...
........#..g####....w
.......<...gg@.......
........##########...
........# .......##
#.....# .....$ ...../
......


You could see a worm (wandering), 3 gnolls and an endoplasm.

Vanquished Creatures
  6 endoplasms (D:1)
  A giant cockroach (D:1)
  A hobgoblin (D:1)
  A quokka (D:1)
  2 bats (D:1)
  4 goblins (D:1)
  5 kobolds (D:1)
  2 rats (D:1)
22 creatures vanquished.

Notes
Turn   | Place    | Note
-------+----------+-------------------------------------------
     0 | D:1      | booth the Demonspawn Gladiator began the quest for the Orb.
     0 | D:1      | Reached XP level 1. HP: 16/16 MP: 1/1
   283 | D:1      | Reached skill level 3 in Axes
   327 | D:1      | Gained mutation: You have a somewhat thin skeletal
                  | structure. (Dex +2, Stealth+) [demonic ancestry]
   327 | D:1      | Reached XP level 2. HP: 22/22 MP: 2/2
   964 | D:2      | Slain by a gnoll

Illustrated notes

Levels and vault maps discovered:
D:1:      lemuel_arrival_lava_pool, layout_loops_corners,
          dreamdust_mushroom_princess, minmay_fountain_box, serial_park_tiny_2,
          nicolae_eternal_life
D:2:      layout_rooms, uniq_crazy_yiuf_cottage, uniq_jessica, uniq_sigmund

Skill      XL: |  1 |
---------------+----+-----
Axes           | 3 |  3.3
Fighting       | |  2.2
Throwing       | |  1.8
Dodging        | |  2.8
Stealth        | |  0.1

Action                     || total
---------------------------++-------
  Melee: War axe           ||    43
    Use: Scroll            ||     2
         Potion            ||     1
 Armour: Leather armour    ||    11
  Dodge: Dodged            ||    35
